 Dungeon Crawl Stone Soup version 0.27-a0-1500-g450c7e4133 (webtiles) character file.

Game seed: 16624474545595970853

25 rabbitsville the Skirmisher (level 2, 27/27 HPs)
             Began as a Minotaur Abyssal Knight on June 13, 2021.
             Was a Follower of Lugonu.
             Quit the game on level 1 of the Dungeon on July 7, 2021.
             The game lasted 00:07:37 (600 turns).

rabbitsville the Skirmisher (MiAK)                   Turns: 600, Time: 00:07:38

Health: 27/27      AC:  3    Str: 16    XL:     2   Next: 82%
Magic:  2/2        EV: 11    Int:  9    God:    Lugonu [*.....]
Gold:   59         SH:  0    Dex:  9    Spells: 1/1 levels left

rFire    . . .     SeeInvis .   c - +2 short sword (vamp)
rCold    . . .     Faith    .   (no shield)
rNeg     . . .     Spirit   .   b - +0 leather armour
rPois    .         Reflect  .   (helmet restricted)
rElec    .         Harm     .   d - scarf {+Inv}
rCorr    .         Rampage  .   (no gloves)
Will     .....                  (no boots)
Stlth    +.........             (no amulet)
HPRegen  0.09/turn              (no ring)
MPRegen  0.08/turn              (no ring)

@: no status effects
A: horns 2, retaliatory headbutt
a: Renounce Religion, Evoke Invisibility, Depart the Abyss


You were on level 1 of the Dungeon.
You worshipped Lugonu.
Lugonu was aware of your devotion.
You visited 1 branch of the dungeon, and saw 1 of its levels.
You visited the Abyss 1 time.

You collected 59 gold pieces.

Inventory:

Hand Weapons
 a - a +1 hand axe
 c - a +2 vampiric short sword (weapon)
Armour
 b - a +0 leather armour (worn)
 d - a scarf of invisibility (worn)
Scrolls
 e - a scroll of identify {unknown}


   Skills:
 + Level 4.0 Fighting
 * Level 1.2 Short Blades
 - Level 3.0 Axes
 - Level 2.4 Armour
 - Level 1.1 Dodging
 + Level 2.2 Invocations


You had one spell level left.
You didn't know any spells.
Your spell library was empty.

Dungeon Overview and Level Annotations

Branches:
Dungeon (1/15)

Altars:


Innate Abilities, Weirdness & Mutations

You have a pair of horns on your head.
You reflexively headbutt those who attack you in melee.


Message History

Lugonu accepts your kill.
Your Fighting skill increases to level 4!
You see here a jackal corpse.
An endoplasm comes into view.
The endoplasm quivers.
You hit the endoplasm.
The endoplasm is severely wounded.
The endoplasm barely misses you.
You hit the endoplasm.
You kill the endoplasm!
Lugonu accepts your kill.
A kobold comes into view. It is wielding a +0 dagger.
The kobold moves out of view.
The kobold barely misses you.
You closely miss the kobold. Your headbutt misses the kobold.
The kobold closely misses you.
You barely miss the kobold. You headbutt the kobold.
You kill the kobold!
Lugonu accepts your kill.
A ball python comes into view.
The ball python hisses angrily.
Found 11 gold pieces.
Things that are here:
a +0 dagger; a scroll labelled TEELYMP VIPLI You barely miss the ball python.
The ball python bites you but does no damage.
The ball python barely misses you.
You closely miss the ball python. The ball python closely misses you.
The ball python misses you.
You hit the ball python.
You kill the ball python!
Lugonu accepts your kill.
You now have 59 gold pieces (gained 11).
e - a scroll labelled TEELYMP VIPLI You see here a +0 dagger.
Welcome back, rabbitsville the Minotaur Abyssal Knight.
Lugonu says: Spread carnage and corruption!
Press ? for a list of commands and other information.
Autopickup is now off.
Are you sure you want to abandon this character and quit the game? (Confirm with "yes".)

##. #...... #.. .##.....# #
##.### ......# ##. ##....
#.....##### ##..##....##
#.......... ....###..........#
#........#
......#..##......###........##
#..............@.)...........
##....>...#......###.............
.#........#......###..#.....#....
.#........#......##...##...##....
.#........########....# #.## ...
.†.................#### #.# ##.
.#.....####....>.#..## ##.## ##..
.............>.......###...###...
.#.......##..............<.......


There were no monsters in sight!

Vanquished Creatures
  A dart slug (D:1)
  3 bats (D:1)
  3 endoplasms (D:1)
  A giant cockroach (D:1)
  A goblin (D:1)
  5 jackals (D:1)
  3 ball pythons (D:1)
  3 kobolds (D:1)
  A rat (D:1)
21 creatures vanquished.

Notes
Turn   | Place    | Note
-------+----------+-------------------------------------------
     0 | Abyss:1  | rabbitsville the Minotaur Abyssal Knight began the quest
                  | for the Orb.
     0 | Abyss:1  | Reached XP level 1. HP: 19/19 MP: 1/1
    18 | Abyss:1  | Noticed a small abomination
    27 | D:1      | Escaped the Abyss
   180 | D:1      | Reached * piety under Lugonu
   188 | D:1      | Reached XP level 2. HP: 27/27 MP: 2/2
   500 | D:1      | Reached skill level 1 in Short Blades
   519 | D:1      | Reached skill level 4 in Fighting
   600 | D:1      | Upgraded the game from 0.27-a0-1281-ge233d83751 to
                  | 0.27-a0-1500-g450c7e4133
   600 | D:1      | Quit the game

Illustrated notes

Levels and vault maps discovered:
D:1:      roderic_crossed_star, layout_rooms,
          shapermc_ecumenical_altar_totnotflames, minmay_box_of_dots

Skill      XL: |  1  2 |
---------------+-------+-----
Invocations    | 2 |  2.2
Axes           | 3 |  3.0
Short Blades   | 1 |  1.2
Fighting       | 4 |  4.0
Armour         | |  2.4
Dodging        | |  1.1

Action                   || total
-------------------------++-------
Melee: Hand axe          ||    18
       Headbutt          ||     4
       Short sword       ||    25
Invok: Depart the Abyss  ||     1
Armor: Leather armour    ||    13
Dodge: Dodged            ||    28

Table legend: (Time is in decaauts)
 A = Elapsed time spent in this place.
 B = Non-inter-level travel time spent in this place.
 C = Inter-level travel time spent in this place.
 D = Time resting spent in this place.
 E = Time spent auto-exploring this place.
 F = Levels seen in this place.
 G = Mean time per level.
                   A        B        C        D        E       F      G
               +--------+--------+--------+--------+--------+-----+--------+
         Total |    604 |    604 |      0 |    222 |      0 |   2 |  302.0 |
       Dungeon |    577 |    577 |      0 |    222 |      0 |   1 |  577.0 |
         Abyss |     27 |     27 |      0 |      0 |      0 |   1 |   27.0 |
               +--------+--------+--------+--------+--------+-----+--------+

Top non-repeatable levels by time:
     D:1: 577 daAuts
 Abyss:1: 27 daAuts
